 Dungeon Crawl Stone Soup version 0.28-a0-1087-gf3fc490d9d (webtiles) character file.

Game seed: 4917402028350004189

1285 devnull the Skirmisher (level 8, 0/71 HPs)
             Began as a Ghoul Fighter on Dec 11, 2021.
             Slain by a troll (2 damage)
             ... on level 6 of the Dungeon.
             The game lasted 00:06:49 (5786 turns).

devnull the Skirmisher (Ghoul Fighter)              Turns: 5786, Time: 00:06:50

Health: 0/71       AC: 11    Str: 20    XL:     8   Next: 55%
Magic:  7/7        EV: 11    Int:  3    God:
Gold:   218        SH:  5    Dex: 10    Spells: 7/7 levels left

rFire   . . .      SeeInvis .   a - +0 war axe
rCold   + . .      Faith    .   c - +0 buckler
rNeg    + + +      Spirit   .   h - +0 chain mail
rPois   ∞          Reflect  .   g - +0 helmet
rElec   .          Harm     .   (no cloak)
rCorr   .          Rampage  .   (no gloves)
Will    .....                   (no boots)
Stlth   ..........              (no amulet)
HPRegen 0.00/turn               m - +4 ring of evasion
MPRegen 0.10/turn               (no ring)

@: inhibited regen
A: claws 1, cold resistance 1, negative energy resistance 3, inhibited
regeneration, torment resistance 2
a: no special abilities


You were on level 6 of the Dungeon.
You visited 1 branch of the dungeon, and saw 6 of its levels.

You collected 218 gold pieces.

Inventory:

Hand Weapons
 a - a +0 war axe (weapon)
Missiles
 e - 5 curare-tipped darts (quivered)
Armour
 c - a +0 buckler (worn)
 g - a +0 helmet (worn)
 h - a +0 chain mail (worn)
Jewellery
 m - a +4 ring of evasion (left claw)
 q - a ring of magical power
 y - a ring of flight
 A - a ring of fire
Scrolls
 b - 2 scrolls of magic mapping
 l - 3 scrolls of teleportation
 n - a scroll of immolation {unknown}
 r - a scroll of enchant weapon {unknown}
 s - a scroll of enchant armour {unknown}
 t - a scroll of holy word {unknown}
 u - 2 scrolls of fear
 w - a scroll of silence {unknown}
 x - a scroll of blinking {unknown}
 z - a scroll of amnesia {unknown}
Potions
 d - a potion of brilliance {unknown}
 f - 2 potions of heal wounds
 i - a potion of lignification {unknown}
 j - 2 potions of curing {unknown}
 k - a potion of mutation {unknown}
 o - a potion of invisibility {unknown}
 p - a potion of attraction {unknown}
 v - a potion of degeneration {unknown}


   Skills:
 + Level 6.4 Fighting
 + Level 4.8 Axes
 + Level 5.2 Armour
 + Level 5.3 Shields


You had 7 spell levels left.
You didn't know any spells.
Your spell library contained the following spells:

 Spells                   Type           Power      Damage    Failure   Level
 Freeze                   Ice            0%         1d3       99%         1
 Slow                     Hex            0%         N/A       99%         1
 Confusing Touch          Hex            0%         N/A       100%        3
 Frozen Ramparts          Ice            0%         1d2       100%        3
 Stone Arrow              Conj/Erth      0%         3d7       100%        3
 Vampiric Draining        Necr           0%         2d6       100%        3
 Animate Armour           Summ/Erth      0%         N/A       100%        4
 Hailstorm                Conj/Ice       0%         3d3       100%        4
 Summon Hydra             Summ           0%         N/A       100%        7
 Lehudib's Crystal Spear  Conj/Erth      0%         10d2      100%        8
 Sublimation of Blood     Necr           Unusable   N/A       N/A         2
 Wereblood                Tmut           Unusable   N/A       N/A         2

Dungeon Overview and Level Annotations

Branches:
Dungeon (6/15)
 Temple: D:4-7

Altars:
Cheibriados
Xom


Innate Abilities, Weirdness & Mutations

You thrive by killing the living.
You are immune to poison.
You have sharp fingernails.
Your flesh is cold resistant. (rC+)
You are immune to negative energy. (rN+++)
You do not regenerate when monsters are visible.
You are immune to unholy pain and torment.


Message History

The troll is poisoned.
The troll convulses.
The troll seems to slow down.
The troll is moderately wounded.
You hit the troll.
The troll is moderately wounded.
You block the troll's attack. x2; The troll claws you!
You hit the troll but do no damage.
The troll is moderately wounded.
The troll barely misses you. x2; You block the troll's attack.
You hit the troll.
The troll is moderately wounded.
The troll bites you! The troll claws you!
The troll claws you but does no damage.
You slash the troll!
The troll is severely wounded.
The troll barely misses you. You block the troll's attack.
The troll claws you but does no damage.
You closely miss the troll.
The troll is severely wounded.
The troll bites you. The troll closely misses you. x2
You hit the troll.
The troll is severely wounded.
The troll bites you. The troll claws you but does no damage.
The troll claws you.
You hit the troll.
The troll is severely wounded.
The troll misses you. You block the troll's attack. The troll claws you.
You hit the troll but do no damage.
The troll is severely wounded.
The troll bites you.
* * * LOW HITPOINT WARNING * * *
The troll closely misses you. The troll barely misses you.
You hit the troll.
The troll is almost dead.
The troll is no longer moving slowly.
The troll bites you.
* * * LOW HITPOINT WARNING * * *
The troll claws you!
* * * LOW HITPOINT WARNING * * *
The troll claws you.
You die...

##......##..
........#..
...#....#.#
..........#
......)...## .
..........##...
#...........
#..@T.....)
###.###.....
#...### ....
##....#... .
#.........
####..........
#....<........
.................
#.####....(..#...


You could see a troll (poisoned).

Vanquished Creatures
  Menkaure (D:4)
  2 water moccasins (D:5)
  An ice beast (D:4)
  A sky beast (D:5)
  An ogre (D:4)
  A bullfrog (D:5)
  2 scorpions
  A water moccasin zombie (D:5)
  A centaur zombie (D:5)
  A jelly (D:4)
  2 centaur skeletons (D:5)
  An orc wizard (D:4)
  4 iguanas (D:5)
  Natasha (twice) (D:2)
  A howler monkey zombie (D:5)
  4 gnolls (D:4)
  A howler monkey skeleton (D:5)
  2 adders
  A shadow imp (D:5)
  An adder skeleton (D:4)
  A dart slug (D:3)
  A worm (D:2)
  10 orcs
  3 endoplasms
  5 giant cockroaches
  3 goblins
  3 hobgoblins
  3 jackals (D:1)
  5 quokkas
  3 ball pythons
  A bat (D:2)
  3 frilled lizards
  7 kobolds
  A rat (D:3)
80 creatures vanquished.

Notes
Turn   | Place    | Note
-------+----------+-------------------------------------------
     0 | D:1      | devnull the Ghoul Fighter began the quest for the Orb.
     0 | D:1      | Reached XP level 1. HP: 19/19 MP: 0/0
    38 | D:1      | Reached XP level 2. HP: 26/26 MP: 1/1
   915 | D:2      | Reached XP level 3. HP: 33/33 MP: 2/2
  1466 | D:2      | Found a shimmering altar of Xom.
  1501 | D:2      | Noticed Natasha
  1508 | D:2      | Killed Natasha
  1588 | D:2      | Noticed Natasha
  1603 | D:2      | Killed Natasha
  1604 | D:2      | Reached skill level 4 in Fighting
  1604 | D:2      | Reached XP level 4. HP: 24/40 MP: 3/3
  2177 | D:3      | Found a shimmering altar of Xom.
  2593 | D:3      | Found a faded altar of an unknown god.
  2817 | D:4      | Noticed an ice beast
  2834 | D:4      | Killed an ice beast
  2835 | D:4      | Reached XP level 5. HP: 31/47 MP: 4/4
  3195 | D:4      | Found a snail-covered altar of Cheibriados.
  3199 | D:4      | Noticed Menkaure
  3218 | D:4      | Killed Menkaure
  3219 | D:4      | Reached XP level 6. HP: 31/55 MP: 5/5
  3452 | D:4      | Reached skill level 5 in Fighting
  3585 | D:4      | Reached XP level 7. HP: 10/61 MP: 6/6
  4706 | D:5      | Entered Level 5 of the Dungeon
  5170 | D:5      | Reached XP level 8. HP: 61/70 MP: 7/7
  5307 | D:5      | Reached skill level 6 in Fighting
  5312 | D:5      | Reached skill level 5 in Shields
  5318 | D:5      | Reached skill level 5 in Armour
  5774 | D:6      | Noticed a troll
  5786 | D:6      | HP: 2/71 [troll (11)]
  5786 | D:6      | Slain by a troll

Illustrated notes

Levels and vault maps discovered:
D:1:      dpeg_arrival_pits, layout_loops_ring, item_on_display_a
D:2:      layout_loops_corners, basic_altar, chequers_serial_rivers_micro_d,
          uniq_natasha
D:3:      wander_river, layout_basic, lemuel_tele_altar,
          shapermc_ecumenical_altar_flowoftime, grunt_ministairs_15
D:4:      layout_layer_cave, mainiacjoe_overflow_small_starburst, uniq_menkaure
D:5:      layout_basic, nicolae_concentric_dashed_squares_wild
D:6:      layout_cave_pools, mainiacjoe_overflow_concentric_impassable,
          lemuel_temple_firewalk_b, serial_shops, nicolae_shop_waterfront

Skill      XL: |  1  2  3  4  5  6  7  8 |
---------------+-------------------------+-----
Axes           | 2 3 4 |  4.8
Armour         | 3 4 5 |  5.2
Shields        | 3 4 5 |  5.3
Fighting       | 4 5 6 |  6.4

Action                   |  1- 3 |  4- 6 |  7- 9 || total
-------------------------+-------+-------+-------++-------
Melee: War axe           |   110 |   128 |   173 ||   411
Throw: Dart              |       |     2 |     1 ||     3
  Use: Potion            |     1 |     1 |       ||     2
       Scroll            |       |     3 |     1 ||     4
Armor: Scale mail        |    54 |     5 |       ||    59
       Chain mail        |       |    45 |    88 ||   133
Dodge: Dodged            |    48 |    78 |   106 ||   232
Block: Buckler           |    19 |    18 |    33 ||    70

Table legend: (Time is in decaauts)
 A = Elapsed time spent in this place.
 B = Non-inter-level travel time spent in this place.
 C = Inter-level travel time spent in this place.
 D = Time resting spent in this place.
 E = Time spent auto-exploring this place.
 F = Levels seen in this place.
 G = Mean time per level.
                   A        B        C        D        E       F      G
               +--------+--------+--------+--------+--------+-----+--------+
         Total |   5934 |   5675 |    259 |     17 |   4692 |   6 |  989.0 |
       Dungeon |   5934 |   5675 |    259 |     17 |   4692 |   6 |  989.0 |
               +--------+--------+--------+--------+--------+-----+--------+

Top non-repeatable levels by time:
     D:4: 1970 daAuts
     D:2: 1167 daAuts
     D:5: 1094 daAuts
     D:3: 865 daAuts
     D:1: 814 daAuts
     D:6: 22 daAuts
